 Dungeon Crawl Stone Soup version 0.26-a0-651-gb41185065b (webtiles) character file.

Game seed: 12524573071622875789

14637 Flugslaktarn the Cleaver (level 11, -10/106 HPs)
             Began as a Deep Dwarf Fighter on Oct 6, 2020.
             Was an Elder of Makhleb.
             Mangled by Frances
             ... wielding a +0 dire flail of draining
              (14 damage)
             ... on level 13 of the Dungeon.
             The game lasted 00:05:06 (6609 turns).

Flugslaktarn the Cleaver (Deep Dwarf Fighter)       Turns: 6609, Time: 00:05:07

Health: -10/106    AC: 16    Str: 24    XL:     11   Next: 91%
Magic:  3/3        EV:  4    Int:  8    God:    Makhleb [****..]
Gold:   690        SH:  9    Dex: 12    Spells: 10/10 levels left

rFire    . . .     SeeInvis +   a - +0 war axe
rCold    . . .     Faith    +   c - +0 kite shield
rNeg     . . .     Spirit   .   y - +0 plate armour
rPois    .         Reflect  .   (no helmet)
rElec    .         Harm     .   (no cloak)
rCorr    .         Rampage  .   o - +0 pair of gloves
MR       +....                  (no boots)
Stlth    ..........             b - amulet of faith
HPRegen  0.00/turn              i - ring of see invisible
MPRegen  0.08/turn              p - +4 ring of protection

@: non-regenerating, studying Armour, extremely drained
A: damage resistance, heal wounds, sense surroundings 2, no regeneration
a: Heal Wounds, Minor Destruction, Lesser Servant of Makhleb, Major Destruction,
Renounce Religion


You were on level 13 of the Dungeon.
You worshipped Makhleb.
Makhleb was greatly pleased with you.
You visited 1 branch of the dungeon, and saw 12 of its levels.

You collected 690 gold pieces.

Inventory:

Hand Weapons
 a - a +0 war axe (weapon)
Missiles
 j - 2 throwing nets (quivered)
Armour
 c - a +0 kite shield (worn)
 o - a +0 pair of gloves (worn)
   (You found it on level 4 of the Dungeon)
 y - a +0 plate armour (worn)
   (You took it off an orc warrior on level 9 of the Dungeon)
Jewellery
 b - an amulet of faith (around neck)
   (You found it on level 4 of the Dungeon)
 i - a ring of see invisible (left hand)
   (You found it on level 11 of the Dungeon)
 k - an uncursed ring of resist corrosion
   (You found it on level 8 of the Dungeon)
 p - a +4 ring of protection (right hand)
   (You found it on level 10 of the Dungeon)
Wands
 f - a wand of digging (5)
   (You found it on level 11 of the Dungeon)
 m - a wand of acid (11)
   (You found it on level 4 of the Dungeon)
 u - a wand of paralysis (12)
   (You found it on level 6 of the Dungeon)
Scrolls
 l - 3 scrolls of enchant weapon
 n - a scroll of fear {unknown}
 r - a scroll of identify
 t - 3 scrolls of teleportation
 x - a scroll of remove curse
Potions
 d - 3 potions of might
 e - a potion of magic
 h - a potion of mutation {unknown}
 q - 6 potions of curing
 s - 2 potions of invisibility
 v - 5 potions of flight
 w - a potion of heal wounds
 z - 3 potions of lignification
 A - a potion of haste {unknown}
 B - 3 potions of brilliance {unknown}
Books
 g - a manual of Armour
   (You acquired it on level 8 of the Dungeon)


   Skills:
 * Level 9.6(3.5) Fighting
 * Level 11.1(4.7) Axes
 + Level 10.1(3.9) Armour
 + Level 8.4(2.4) Shields
 + Level 8.4(2.5) Invocations
 + Level 8.3(2.4) Evocations


You had 10 spell levels left.
You didn't know any spells.
Your spell library was empty.

Dungeon Overview and Level Annotations

Branches:
Dungeon (13/15)            Temple (0/1) D:5            Lair (0/6) D:9
    Orc (0/2) D:12
 Vaults: D:13-14

Altars:
Cheibriados
Dithmenos
Fedhas
Gozag
Hepliaklqana
Makhleb
Ru
Wu Jian
Yredelemnul
Zin

Annotations:
D:11 2 transporters, Flugslaktarn's ghost, journeyman DDFi
D:13 Frances


Innate Abilities, Weirdness & Mutations

You are resistant to damage.
You can heal yourself by infusing magical energy.
You passively map the area around you.
You do not regenerate.


Message History

Frances is heavily wounded.
Frances hits you with a +0 dire flail of draining!
You feel drained.
Frances hits you with a +0 dire flail of draining!
You feel drained.
* * * LOW HITPOINT WARNING * * *
Your shield prevents you from hitting Frances.
Frances is heavily wounded.
You block Frances's attack.
Frances hits you with a +0 dire flail of draining!
* * * LOW HITPOINT WARNING * * *
You feel drained.
You are too injured to fight recklessly!
You barely miss Frances.
Frances is heavily wounded.
Frances hits you with a +0 dire flail of draining!
* * * LOW HITPOINT WARNING * * *
You feel drained.
Frances hits you with a +0 dire flail of draining!
You die...

*,* *, * , * * ,
, , , , , * * ,
* * * # * * , ,
##..#####* * *
........#* , * ,
* , #<# * , **,
* * #@# , ### ,
*
###.###@##.....,
,, * , *
#.$...4YY...#* ,
*,#.##...†##..#
, * * , ,
....###.# .# *,
, #.# #.. # * *
. , #.# * ,
,...,,* *, ***
### ,


You could see Frances (fast), 2 yaks and a chaos spawn (summoned).

Vanquished Creatures
  Nessos (D:12)
  A hydra (D:11)
  Harold (D:11)
  A centaur warrior (D:10)
  3 two-headed ogres
  An unseen horror (D:13)
  2 kobold demonologists (D:12)
  A troll (D:9)
  3 hornets
  A hippogriff (D:11)
  A meliai zombie (D:11)
  A shadow (D:11)
  3 wyverns
  4 yaks (D:13)
  A wraith (D:11)
  A steam dragon (D:10)
  2 wargs (D:12)
  A water moccasin (D:10)
  2 porcupines (D:9)
  4 orc warriors
  3 ice beasts
  A black bear (D:12)
  4 sky beasts
  2 phantoms
  A necrophage (D:4)
  7 ogres
  5 centaurs
  3 big kobolds
  6 bullfrogs
  A wyvern skeleton (D:9)
  3 scorpions
  7 killer bees
  2 howler monkeys (D:8)
  A bullfrog zombie (D:5)
  A quasit (D:9)
  4 bullfrog skeletons
  A centaur skeleton (D:8)
  12 orc priests
  2 jellies
  9 orc wizards
  An iguana (D:5)
  6 worker ants
  A hound skeleton (D:8)
  2 worker ant zombies
  10 adders
  2 shadow imps
  An ufetubus (D:10)
  A worm (D:4)
  2 leopard geckos (D:4)
  33 orcs
  A bat (D:3)
  2 giant cockroaches
  2 goblins (D:12)
  A hobgoblin (D:12)
  6 jackals (D:2)
  2 quokkas
  A ball python skeleton (D:5)
  A frilled lizard (D:5)
  11 kobolds
  A leopard gecko zombie (D:8)
  A rat (D:1)
198 creatures vanquished.

Vanquished Creatures (collateral kills)
  2 hydras
  A shadow (D:11)
  A hornet zombie (D:11)
  2 phantoms (D:11)
  A centaur (D:11)
  A kobold (D:11)
8 creatures vanquished.

Vanquished Creatures (others)
  An ufetubus (D:10)
  6 fungi (D:9)
  12 plants (D:9)
19 creatures vanquished.

Grand Total: 225 creatures vanquished

Notes
Turn   | Place    | Note
-------+----------+-------------------------------------------
     0 | D:1      | Flugslaktarn the Deep Dwarf Fighter began the quest for the
                  | Orb.
     0 | D:1      | Reached XP level 1. HP: 20/20 MP: 1/1
    53 | D:2      | Reached XP level 2. HP: 20/27 MP: 2/2
   200 | D:4      | Reached XP level 3. HP: 30/34 MP: 2/2
   210 | D:4      | Reached skill level 3 in Axes
   277 | D:4      | Found a burning altar of Makhleb.
   398 | D:4      | Noticed a necrophage
   413 | D:4      | Killed a necrophage
   413 | D:4      | Reached XP level 4. HP: 23/44 MP: 3/3
   413 | D:4      | Reached XP level 5. HP: 27/50 MP: 4/4
   420 | D:4      | Noticed a sky beast
   451 | D:4      | Killed a sky beast
   451 | D:4      | Reached skill level 4 in Axes
   463 | D:4      | Found a basalt altar of Yredelemnul.
   464 | D:4      | Found a shadowy altar of Dithmenos.
   470 | D:4      | Found a hazy altar of Hepliaklqana.
   596 | D:4      | Found a blossoming altar of Fedhas.
   652 | D:4      | Reached XP level 6. HP: 51/57 MP: 4/4
   956 | D:5      | Entered Level 5 of the Dungeon
  1109 | D:4      | Became a worshipper of Makhleb the Destroyer
  1177 | D:5      | Found an ornate altar of the Wu Jian Council.
  1290 | D:5      | Reached skill level 5 in Axes
  1326 | D:5      | Found a sacrificial altar of Ru.
  1351 | D:5      | Reached skill level 1 in Evocations
  1351 | D:5      | Reached XP level 7. HP: 59/66 MP: 5/5
  1411 | D:5      | Reached skill level 1 in Invocations
  1468 | D:5      | Found a staircase to the Ecumenical Temple.
  1618 | D:6      | Found an opulent altar of Gozag.
  1705 | D:6      | You fall into a shaft and drop 2 floors!
  1758 | D:8      | Noticed a hornet
  1761 | D:8      | Paralysed by a hornet for 3 turns
  1767 | D:8      | Paralysed by a hornet for 3 turns
  1779 | D:8      | Killed a hornet
  1779 | D:8      | Reached skill level 5 in Fighting
  1779 | D:8      | Reached skill level 5 in Armour
  1809 | D:8      | Reached skill level 5 in Shields
  1812 | D:8      | Reached skill level 6 in Axes
  1812 | D:8      | Reached XP level 8. HP: 24/74 MP: 2/4
  1904 | D:8      | Reached * piety under Makhleb
  1995 | D:8      | Noticed a two-headed ogre
  2036 | D:8      | Killed a two-headed ogre
  2036 | D:8      | Reached skill level 7 in Axes
  2036 | D:8      | Gained mutation: You passively map the area around you.
                  | [Deep Dwarf growth]
  2036 | D:8      | Reached XP level 9. HP: 41/85 MP: 3/5
  2108 | D:8      | Identified a scroll of acquirement
  2108 | D:8      | Acquired a manual of Armour
  2375 | D:8      | Noticed a two-headed ogre
  2394 | D:8      | Killed a two-headed ogre
  2394 | D:8      | Reached skill level 8 in Axes
  2394 | D:8      | Reached skill level 5 in Invocations
  2394 | D:8      | Reached skill level 5 in Evocations
  3005 | D:9      | Paralysed by a hornet for 2 turns
  3142 | D:9      | Reached ** piety under Makhleb
  3169 | D:9      | Reached XP level 10. HP: 48/94 MP: 6/6
  3888 | D:9      | Found a staircase to the Lair.
  3896 | D:9      | Reached skill level 9 in Axes
  4028 | D:10     | Entered Level 10 of the Dungeon
  4061 | D:10     | Found a glowing silver altar of Zin.
  4432 | D:10     | Noticed a centaur warrior
  4447 | D:10     | Killed a centaur warrior
  4814 | D:11     | Noticed a four-headed hydra
  4832 | D:11     | Reached *** piety under Makhleb
  4833 | D:11     | Killed a nine-headed hydra
  4906 | D:11     | Found a snail-covered altar of Cheibriados.
  4928 | D:11     | Noticed Flugslaktarn's ghost (journeyman DDFi)
  4949 | D:11     | Reached XP level 11. HP: 53/104 MP: 6/6
  4989 | D:11     | Noticed a five-headed hydra
  5006 | D:11     | Killed a seven-headed hydra
  5006 | D:11     | Reached skill level 10 in Axes
  5035 | D:11     | Noticed Harold
  5046 | D:11     | Killed Harold
  5265 | D:11     | Noticed a two-headed ogre
  5283 | D:11     | Killed a two-headed ogre
  5295 | D:11     | Found a transporter.
  5295 | D:11     | Found a transporter.
  5775 | D:12     | Noticed Nessos
  5799 | D:12     | Killed Nessos
  5997 | D:12     | Reached **** piety under Makhleb
  6032 | D:12     | Found a staircase to the Orcish Mines.
  6173 | D:12     | Noticed a six-headed hydra
  6183 | D:12     | Killed an 11-headed hydra
  6377 | D:12     | Noticed a soul eater
  6453 | D:12     | Reached skill level 11 in Axes
  6573 | D:13     | Noticed an unseen horror
  6585 | D:13     | Noticed Frances
  6588 | D:13     | Killed an unseen horror
  6588 | D:13     | Reached skill level 10 in Armour
  6609 | D:13     | HP: 4/106 [Frances/+0 dire flail of draining (16)]
  6609 | D:13     | Mangled by Frances

Illustrated notes

Levels and vault maps discovered:
D:1:      dpeg_arrival_stonehenge_12_columns, layout_loops_ring
D:2:      layout_basic, tso_metal_star
D:3:      layout_rooms, fiery_altar_vehumet, uniq_terence
D:4:      layout_gridville, nicolae_overflow_hidden_temple,
          grunt_temple_overflow_open
D:5:      layout_basic, nicolae_overflow_crystal_walls,
          minmay_temple_entry_butterflies, basic_altar
D:6:      layout_basic, ebering_ghost_disaster_area, nicolae_gozag_seed_capital
D:8:      layout_layer_cave, grunt_decor_cap, minmay_manual_mares
D:9:      layout_layer_cave, grunt_lair_entry_orc_guard_hut,
          kennysheep_small_spiral
D:10:     layout_loops_ring, basic_altar, minmay_microvault
D:11:     layout_layer_cave, basic_altar, gammafunk_ghost_hive, uniq_harold
D:12:     layout_roguey, erik_orc_3, uniq_nessos
D:13:     layout_loops_ring, lightli_vaults_fourway_checkpoint, serial_shops,
          shop, grunt_tough_drop, uniq_frances

Skill      XL: |  1  2  3  4  5  6  7  8  9 10 11 |
---------------+----------------------------------+-----
Fighting       | 3 4 5 6 7 8 9 |  9.6
Axes           | 3 4 5 6 7 8 9 11 | 11.1
Armour         | 4 5 7 8 10 | 10.1
Shields        | 4 5 6 7 8 |  8.4
Evocations     | 1 2 4 5 7 8 |  8.3
Invocations    | 2 4 5 7 8 |  8.4

Action                   |  1- 3 |  4- 6 |  7- 9 | 10-12 || total
-------------------------+-------+-------+-------+-------++-------
Melee: War axe           |    69 |   122 |   259 |   486 ||   936
Invok: Lesser Servant of |       |       |       |     5 ||     5
 Abil: Heal Wounds       |     2 |     5 |    22 |    27 ||    56
Evoke: Wand              |       |       |     2 |     9 ||    11
  Use: Potion            |       |       |     2 |       ||     2
       Scroll            |       |       |     8 |    12 ||    20
 Stab: Paralysed         |       |       |       |    13 ||    13
       Distracted        |       |       |       |     2 ||     2
Armor: Scale mail        |    26 |       |       |       ||    26
       Chain mail        |    14 |    70 |   117 |    25 ||   226
       Plate armour      |       |       |       |   354 ||   354
Dodge: Dodged            |    25 |    14 |    81 |   133 ||   253
Block: Kite shield       |    47 |    54 |   150 |   350 ||   601

Table legend: (Time is in decaauts)
 A = Elapsed time spent in this place.
 B = Non-inter-level travel time spent in this place.
 C = Inter-level travel time spent in this place.
 D = Time resting spent in this place.
 E = Time spent auto-exploring this place.
 F = Levels seen in this place.
 G = Mean time per level.
                   A        B        C        D        E       F      G
               +--------+--------+--------+--------+--------+-----+--------+
         Total |   6790 |   6570 |    220 |     14 |   4744 |  12 |  565.8 |
       Dungeon |   6790 |   6570 |    220 |     14 |   4744 |  12 |  565.8 |
               +--------+--------+--------+--------+--------+-----+--------+

Top non-repeatable levels by time:
     D:9: 1246 daAuts
     D:8: 1147 daAuts
    D:11: 963 daAuts
     D:4: 872 daAuts
    D:12: 808 daAuts
    D:10: 798 daAuts
     D:5: 654 daAuts
     D:6: 101 daAuts
     D:3: 92 daAuts
    D:13: 37 daAuts
     D:2: 36 daAuts
     D:1: 32 daAuts
